 Dungeon Crawl Stone Soup version 0.28-a0-1080-g05a166d0ed (webtiles) character file.

Game seed: 3388604263276550184

30 ytrimaz the Insei (level 3, -1/23 HPs)
             Began as an Octopode Transmuter on Dec 9, 2021.
             Was a Plaything of Xom.
             Slain by an adder (5 damage)
             ... on level 2 of the Dungeon.
             The game lasted 00:01:37 (1827 turns).

ytrimaz the Insei (Octopode Transmuter)             Turns: 1827, Time: 00:01:37

Health: -1/23      AC:  1    Str:  9    XL:     3   Next: 18%
Magic:  4/6        EV: 13    Int: 17    God:    Xom [..*...]
Gold:   30         SH:  0    Dex: 12    Spells: 2/6 levels left

rFire   . . .      SeeInvis .     - Unarmed
rCold   . . .      Faith    .   (no shield)
rNeg    . . .      Spirit   .   (helmet restricted)
rPois   .          Reflect  .   (no amulet)
rElec   .          Harm     .   e - ring of willpower
rCorr   .          Rampage  .   (no ring)
Will    +....                   (no ring)
Stlth   ++........              (no ring)
HPRegen 0.07/turn               (no ring)
MPRegen 0.10/turn               (no ring)
                                (no ring)
                                (no ring)

@: no status effects
A: almost no armour, amphibious, 8 rings, camouflage 1, gelatinous body 1,
(nimble swimmer 1), tentacles
a: Renounce Religion


You were on level 2 of the Dungeon.
You worshipped Xom.
You were a toy of Xom.
You visited 1 branch of the dungeon, and saw 2 of its levels.

You collected 56 gold pieces.
You spent 26 gold pieces at shops.

Inventory:

Missiles
 f - 2 throwing nets
Jewellery
 a - a ring of ice
 e - a ring of willpower (left tentacle)
Scrolls
 c - a scroll of identify
Potions
 b - a potion of heal wounds
 d - a potion of attraction


   Skills:
 * Level 1.5 Fighting
 - Level 2.0 Dodging
 + Level 3.5 Unarmed Combat
 * Level 2.3 Spellcasting
 * Level 2.2 Transmutations


You had 2 spell levels left.
You knew the following spells:

 Your Spells              Type           Power      Damage    Failure   Level
a - Beastly Appendage     Tmut           18%        N/A       8%          1
b - Spider Form           Tmut/Pois      5%         N/A       34%         3

Your spell library contained the following spells:

 Spells                   Type           Power      Damage    Failure   Level
 Wereblood                Tmut           9%         N/A       11%         2
 Ice Form                 Ice/Tmut       5%         N/A       75%         4


Dungeon Overview and Level Annotations

Branches:
Dungeon (2/15)

Altars:
Xom

Shops:
D:1 ?


Innate Abilities, Weirdness & Mutations

You cannot wear most types of armour.
You are amphibious.
You can wear up to eight rings at the same time.
Your skin changes colour to match your surroundings (Stealth+).
Your rubbery body absorbs attacks. (AC +1, EV +1)
((You are camouflaged near water. (Stealth+)))
You have tentacles for arms and can constrict up to eight enemies at once.


Message History

Found a faded altar of an unknown god.
Done exploring.
Done exploring.
Done exploring.
There is a faded altar of an unknown god here.
You cannot tell which god this altar belongs to.
Convert to them anyway?
Xom accepts your prayer! Xom welcomes you!
Xom is interested.
There is a stone staircase leading down, spattered with blood here.
You climb downwards.
The gnoll barely misses you. The gnoll hits you with a +0 flail!
The gnoll hits you with a +0 whip.
There is a stone staircase leading up, spattered with blood here.
There are monsters nearby!
There are monsters nearby!
Unknown command.
Casting: Beastly Appendage (safe; 8% risk of failure)
Confirm with . or Enter, or press ? or * to list all spells.
The spell is extremely dangerous to miscast (34% risk of failure)!
Continue anyway?
You turn into a venomous arachnid creature.
The gnoll hits you with a +0 flail!
* * * LOW HITPOINT WARNING * * *
A shower of butterflies erupts from you!
Unknown command.
Unknown command.
You swap places.
An adder comes into view.
The gnoll completely misses your butterfly.
Unknown command.
The gnoll completely misses your butterfly.
Unknown command.
You swap places.
Found a potion of heal wounds.
The gnoll completely misses your butterfly.
Your transformation is almost over.
The adder hisses angrily.
Found a stone staircase leading down.
The adder completely misses you.
Your transformation has ended.
Your butterfly disappears in a puff of smoke!
The adder bites you.
You die...

..............#> ###
................ ..#
....#.........#. #.#
.#............#.######b######
........$..>.....g..g.b...!.#
..............##ยง#####.####.#
#.###.........##.# #.#
#.###.........##S# #b#
#.............##@#####g#
#..####.......(........#
#..####.##.###...#######
#..#................#
#..#.##.##.###.####.#
.....##.##.# #.# ..
#..####.##.# #.# # #..# #.##.#
#.# # ... .....# #.#


You could see a gnoll and an adder.

Vanquished Creatures
  A bat (D:1)
  7 endoplasms (D:1)
  4 goblins (D:1)
  A hobgoblin (D:1)
  3 jackals (D:1)
  A quokka (D:1)
  3 ball pythons (D:1)
  6 frilled lizards (D:1)
26 creatures vanquished.

Notes
Turn   | Place    | Note
-------+----------+-------------------------------------------
     0 | D:1      | ytrimaz the Octopode Transmuter began the quest for the
                  | Orb.
     0 | D:1      | Reached XP level 1. HP: 13/13 MP: 3/3
   231 | D:1      | Reached XP level 2. HP: 11/18 MP: 5/5
   350 | D:1      | You fall into a shaft and drop 1 floor!
  1113 | D:1      | Reached XP level 3. HP: 21/23 MP: 6/6
  1139 | D:1      | Learned a level 3 spell: Spider Form
  1415 | D:1      | Found Vyoxug's Magic Scroll Boutique.
  1435 | D:1      | Bought a scroll of identify for 26 gold pieces
  1784 | D:1      | Found a faded altar of an unknown god.
  1789 | D:1      | Prayed at the altar of an unknown god.
  1789 | D:1      | Became a worshipper of Xom of Chaos
  1814 | D:2      | XOM: butterfly on damage
  1827 | D:2      | Slain by an adder

Illustrated notes

Levels and vault maps discovered:
D:1:      elethiomel_arrival_maze, layout_basic,
          shapermc_ecumenical_altar_hornbeckon, serial_shops,
          nicolae_square_shop, minmay_lizard_pond
D:2:      layout_loops_ring

Action                   || total
-------------------------++-------
Melee: Unarmed           ||    58
       Tentacles         ||    11
       Constrict         ||    11
       Kick              ||     4
 Cast: Beastly Appendage ||     7
       Spider Form       ||     1
  Use: Scroll            ||     2
 Stab: Sleeping          ||     6
Armor: Skin              ||     2
Dodge: Dodged            ||    45

Table legend: (Time is in decaauts)
 A = Elapsed time spent in this place.
 B = Non-inter-level travel time spent in this place.
 C = Inter-level travel time spent in this place.
 D = Time resting spent in this place.
 E = Time spent auto-exploring this place.
 F = Levels seen in this place.
 G = Mean time per level.
                   A        B        C        D        E       F      G
               +--------+--------+--------+--------+--------+-----+--------+
         Total |   1824 |   1807 |     17 |    224 |   1295 |   2 |  912.0 |
       Dungeon |   1824 |   1807 |     17 |    224 |   1295 |   2 |  912.0 |
               +--------+--------+--------+--------+--------+-----+--------+

Top non-repeatable levels by time:
     D:1: 1733 daAuts
     D:2: 90 daAuts
